 Dungeon Crawl Stone Soup version 0.27.1-2-g3b301248ec (webtiles) character file.

Game seed: 15141454528118187562

104 DoubleLucky the Caller (level 4, -2/24 HPs)
             Began as a Tengu Summoner on Sept 27, 2021.
             Killed from afar by Sigmund (7 damage)
             ... with a puff of flame
             ... on level 4 of the Dungeon.
             The game lasted 00:22:07 (4767 turns).

DoubleLucky the Caller (Tengu Summoner)             Turns: 4767, Time: 00:22:08

Health: -2/24      AC:  2    Str: 10    XL:     4   Next: 80%
Magic:  8/8        EV: 12    Int: 15    God:
Gold:   123        SH:  0    Dex: 14    Spells: 1/7 levels left

rFire    . . .     SeeInvis .   i - +0 spear
rCold    . . .     Faith    .   (no shield)
rNeg     . . .     Spirit   .   a - +0 robe
rPois    .         Reflect  .   (helmet restricted)
rElec    .         Harm     .   (no cloak)
rCorr    .         Rampage  .   (no gloves)
Will     .....                  (boots unavailable)
Stlth    ++........             (no amulet)
HPRegen  0.08/turn              (no ring)
MPRegen  0.11/turn              (no ring)

@: no status effects
A: beak, talons 3
a: no special abilities


You were on level 4 of the Dungeon.
You visited 1 branch of the dungeon, and saw 4 of its levels.

You collected 143 gold pieces.
You spent 20 gold pieces at shops.

Inventory:

Hand Weapons
 d - a +0 whip
 i - a +0 spear (weapon)
 q - a +0 trident
Armour
 a - a +0 robe (worn)
Jewellery
 b - a ring of positive energy
 f - an amulet of faith
 n - a ring of fire
Scrolls
 g - a scroll of amnesia
 j - a scroll of teleportation
 k - a scroll of magic mapping
 l - a scroll of enchant armour {unknown}
 m - a scroll of vulnerability {unknown}
 p - a scroll of fear {unknown}
 r - a scroll of identify
Potions
 c - a potion of haste {unknown}
 h - a potion of cancellation
 o - a potion of might {unknown}
 s - a potion of curing {unknown}


   Skills:
 - Level 2.1 Dodging
 - Level 2.0 Stealth
 + Level 2.4 Spellcasting
 - Level 7.0 Summonings


You had one spell level left.
You knew the following spells:

 Your Spells              Type           Power      Damage    Failure   Level
a - Summon Small Mammal   Summ           88%        N/A       1%          1
b - Call Imp              Summ           22%        N/A       1%          2
c - Call Canine Familiar  Summ           22%        N/A       3%          3

Your spell library contained the following spells:

 Spells                   Type           Power      Damage    Failure   Level
 Magic Dart               Conj           4%         1d3       22%         1
 Sandblast                Erth           2%         2d4       22%         1
 Summon Guardian Golem    Hex/Summ       12%        N/A       16%         3
 Passwall                 Tmut/Erth      0%         N/A       32%         2
 Searing Ray              Conj           2%         3d3       32%         2
 Summon Lightning Spire   Summ/Air       12%        N/A       45%         4
 Fulminant Prism          Conj/Hex       0%         3d6       91%         4
 Lee's Rapid Deconstruct  Erth           0%         3d5*      99%         5


Dungeon Overview and Level Annotations

Branches:
Dungeon (4/15)
 Temple: D:4-7

Altars:

Shops:
D:2 ?([((

Annotations:
D:3 exclusion: downstairs
D:4 Sigmund


Innate Abilities, Weirdness & Mutations

You have a beak for a mouth.
You have claws for feet.


Message History

Unknown command.
Press: ? - help, v - describe, . - travel
Here: a quokka (summoned, friendly)
The floor.
Are you sure you want to stumble around while confused and next to your quokka?
Are you sure you want to stumble around while confused and next to your quokka?
You bump into the rock wall.
You hear some strange, mumbled words.
Your quokka appears confused.
Are you sure you want to stumble around while confused and next to your quokka?
Your quokka completely misses your quokka.
Are you sure you want to stumble around while confused and next to your quokka?
Something hits your quokka!
Your quokka dies!
Your quokka's corpse disappears in a puff of smoke!
Are you sure you want to stumble around while confused and next to your quokka? [Y]es or [N]o only, please.
Are you sure you want to stumble around while confused and next to your quokka? [Y]es or [N]o only, please.
Are you sure you want to stumble around while confused and next to your quokka? [Y]es or [N]o only, please.
Are you sure you want to stumble around while confused and next to your quokka?
Okay, then.
Are you sure you want to stumble around while confused and next to your quokka? [Y]es or [N]o only, please.
Are you sure you want to stumble around while confused and next to your quokka?
Are you sure you want to stumble around while confused and next to your quokka?
Are you sure you want to stumble around while confused and next to your quokka?
You hit your quokka but do no damage.
Your quokka disappears in a puff of smoke!
You feel less confused.
You hear some strange, mumbled words.
Something tries to affect you, but you resist.
A puff of flame appears from out of thin air!
The puff of flame hits you!
Ouch! That really hurt!
* * * LOW HITPOINT WARNING * * *
A puff of flame appears from out of thin air!
The puff of flame hits you!
You die...

................# ##..#<##
###.###.###.....###...#.##
###.###.........##........
#......#####...##.........
#.#.##.# #...###........
##.#.##.#####...####...###.
...####....##...............#....
..............<.............#.##.
...####..###....@...{......##.##.
#..# #..###.#....######.#.@
#.#.###.## #.#....# ##.#.#
#.##....# #.#....# #...r. #.
####.# #.#....# #...5. ## .##
#......# ###.##.# $. ####.###
#....... ... #.# #.#.###. .###
#.#####.#.###.


There were no monsters in sight!

Vanquished Creatures
  An adder (D:3)
  An endoplasm (D:1)
  A giant cockroach (D:1)
  A goblin (D:1)
  A kobold (D:1)
  A quokka (D:3)
  A bat (D:2)
7 creatures vanquished.

Vanquished Creatures (collateral kills)
  A jelly (D:3)
  An orc wizard (D:3)
  4 gnolls
  2 adders (D:2)
  2 dart slugs
  3 orcs (D:3)
  4 ball pythons
  2 bats (D:1)
  5 endoplasms
  2 giant cockroaches (D:1)
  2 hobgoblins
  3 quokkas
  2 frilled lizards
  10 kobolds
  5 rats
48 creatures vanquished.

Grand Total: 55 creatures vanquished

Notes
Turn   | Place    | Note
-------+----------+-------------------------------------------
     0 | D:1      | DoubleLucky the Tengu Summoner began the quest for the Orb.
     0 | D:1      | Reached XP level 1. HP: 10/10 MP: 4/4
   158 | D:1      | Reached skill level 5 in Summonings
   382 | D:1      | Reached XP level 2. HP: 15/15 MP: 3/6
   558 | D:1      | Found a faded altar of an unknown god.
  1074 | D:1      | Reached XP level 3. HP: 19/19 MP: 3/7
  1316 | D:2      | Found Zijat's Weapon Boutique.
  1377 | D:2      | Reached skill level 6 in Summonings
  1472 | D:2      | Learned a level 2 spell: Call Imp
  1685 | D:2      | Found Inuthredu's Antique Weapon Boutique.
  1855 | D:2      | Found Gituis's Antique Weapon Emporium.
  1891 | D:2      | Found Dokawukh's Magic Scroll Boutique.
  1969 | D:2      | Bought a scroll of identify for 20 gold pieces
  2091 | D:2      | Found Esuih's Armour Shoppe.
  2215 | D:2      | Reached XP level 4. HP: 18/24 MP: 8/8
  2219 | D:2      | Learned a level 3 spell: Call Canine Familiar
  2967 | D:3      | Reached skill level 7 in Summonings
  3611 | D:4      | Noticed Sigmund
  4767 | D:4      | Killed from afar by Sigmund

Illustrated notes

Levels and vault maps discovered:
D:1:      psy_arrival_dodecagon, layout_loops_ring,
          shapermc_ecumenical_altar_notcrosses, minmay_misc_feat_plants,
          minmay_tripent
D:2:      layout_loops_ring, serial_shops, nicolae_square_shop,
          nicolae_square_shop, nicolae_shop_competitors_out_of_business,
          nicolae_shop_waterfront, nicolae_lakefront_shop,
          kennysheep_cross_bottleneck, minmay_misc_feat_roman, nrook_campfire
D:3:      layout_basic, kennysheep_another_room
D:4:      layout_loops_cross, mainiacjoe_overflow_alcove_2, corner_web_ring,
          uniq_crazy_yiuf_cottage, uniq_sigmund

Skill      XL: |  1  2  3  4 |
---------------+-------------+-----
Summonings     | 5 6 7 |  7.0
Dodging        | |  2.1
Stealth        | |  2.0
Spellcasting   | |  2.4

Action                   |  1- 3 |  4- 6 || total
-------------------------+-------+-------++-------
Melee: Unarmed           |     7 |       ||     7
       Whip              |    11 |       ||    11
       Kick              |     6 |     3 ||     9
       Peck              |     1 |     1 ||     2
       Spear             |     6 |    14 ||    20
 Cast: Summon Small Mamm |    60 |    27 ||    87
       Call Imp          |     8 |    37 ||    45
  Use: Scroll            |       |     6 ||     6
       Potion            |       |     1 ||     1
 Stab: Sleeping          |     2 |       ||     2
Armor: Robe              |    10 |     2 ||    12
Dodge: Dodged            |    32 |    12 ||    44
